 Dungeon Crawl Stone Soup version 0.24.0-123-gd5b16e6ec5 (webtiles) character file.

Game seed: 8612861965660818865, levelgen mode: deterministic

797 Seryemd the Magician (level 7, -4/51 HPs)
             Began as a Gnoll Wizard on Jan 15, 2020.
             Slain by an ogre
             ... wielding a +0 giant club
              (26 damage)
             ... on level 6 of the Dungeon.
             The game lasted 00:15:08 (5008 turns).

Seryemd the Magician (Gnoll Wizard)                 Turns: 5008, Time: 00:15:09

Health: -4/51      AC:  4    Str:  9    XL:     7   Next: 89%
Magic:  18/18      EV: 15    Int: 23    God:
Gold:   328        SH:  0    Dex: 13    Spells: 10/21 levels left

rFire    x . .     SeeInvis +   x - +2 glaive (holy)
rCold    + . .     Gourm    .   (shield currently unavailable)
rNeg     . . .     Faith    .   u - +0 robe (curse)
rPois    .         Spirit   .   b - +1 hat
rElec    .         Reflect  .   g - +0 cloak
rCorr    .         Harm     .   (no gloves)
MR       .....                  (no boots)
Stlth    +++.......             (no amulet)
HPRegen  0.17/turn              p - ring of ice
MPRegen  0.16/turn              q - ring of see invisible

@: no status effects
A: distributed training, fangs 1, strong nose
a: no special abilities


You were on level 6 of the Dungeon.
You were not hungry.

You visited 1 branch of the dungeon, and saw 6 of its levels.

You collected 328 gold pieces.

Inventory:

Hand Weapons
 f - a +1 mace
 x - a +2 glaive of holy wrath (weapon)
Missiles
 e - 192 stones (quivered)
 k - 41 sling bullets
Armour
 a - a +0 robe
 b - a +1 hat (worn)
 g - a +0 cloak (worn)
 u - a cursed +0 robe (worn)
Jewellery
 p - a ring of ice (left hand)
 q - a ring of see invisible (right hand)
 v - a cursed ring of attention {unknown}
Wands
 l - a wand of enslavement (5)
Scrolls
 o - 3 scrolls of remove curse
 s - 2 scrolls of enchant armour
 w - 3 scrolls of identify
 y - a scroll of acquirement {unknown}
 z - a scroll of magic mapping {unknown}
 A - a scroll of noise {unknown}
 B - a scroll of fear {unknown}
Potions
 c - 7 potions of curing {unknown}
 h - 2 potions of agility {unknown}
 i - a potion of heal wounds {unknown}
 j - a potion of flight {unknown}
 m - a potion of degeneration {unknown}
 n - 2 potions of brilliance
 r - a potion of invisibility {unknown}
 t - a potion of mutation {unknown}
Comestibles
 d - 12 rations
 C - 4 chunks of flesh


   Skills:
 + Level 2.7 Fighting
 + Level 2.7 Short Blades
 + Level 2.7 Long Blades
 + Level 2.7 Axes
 + Level 2.7 Maces & Flails
 + Level 2.7 Polearms
 + Level 2.7 Staves
 + Level 2.7 Slings
 + Level 2.7 Bows
 + Level 2.7 Crossbows
 + Level 2.7 Throwing
 + Level 2.7 Armour
 + Level 5.3 Dodging
 + Level 5.0 Stealth
 + Level 2.7 Shields
 + Level 2.7 Unarmed Combat
 + Level 7.7 Spellcasting
 + Level 3.1 Conjurations
 + Level 2.2 Hexes
 + Level 2.2 Charms
 + Level 3.1 Summonings
 + Level 2.2 Necromancy
 + Level 3.1 Translocations
 + Level 2.2 Transmutations
 + Level 2.2 Fire Magic
 + Level 2.2 Ice Magic
 + Level 2.2 Air Magic
 + Level 2.2 Earth Magic
 + Level 2.2 Poison Magic
 + Level 3.0 Invocations
 + Level 2.7 Evocations


You had 10 spell levels left.
You knew the following spells:

 Your Spells              Type           Power        Failure   Level  Hunger
a - Magic Dart            Conj           ###.         1%          1    None
b - Call Imp              Summ           ###.....     3%          2    None
e - Conjure Flame         Conj/Fire      ###.....     7%          3    None
f - Mephitic Cloud        Conj/Pois/Air  ###.....     8%          3    None
i - Blink                 Tloc           N/A          3%          2    None

Your spell library contained the following spells:

 Spells                   Type           Power        Failure   Level  Hunger
 Slow                     Hex            ###.....     4%          2    None


Dungeon Overview and Level Annotations

Branches:
Dungeon (6/15)
 Temple: D:4-7

Altars:
Dithmenos
Makhleb
Yredelemnul


Innate Abilities, Weirdness & Mutations

Your experience applies equally to all skills.
You have very sharp teeth.
Your uncanny sense of smell can sniff out nearby items.


Message History

You are too injured to fight recklessly!
You are too injured to fight recklessly!
The bullfrog hits you.
You hit the bullfrog.
The bullfrog is heavily wounded.
The bullfrog snags a nearby fly with its tongue.
The bullfrog closely misses you. The bullfrog misses you.
The bullfrog hits you.
You hit the bullfrog.
The bullfrog is severely wounded.
The bullfrog closely misses you. The bullfrog hits you!
You barely miss the bullfrog.
The bullfrog is severely wounded.
The bullfrog hits you. x2; The bullfrog barely misses you.
You slash the bullfrog!
You kill the bullfrog!
Your Invocations skill increases to level 3!
The ogre hits you with a +0 giant club!!
Ouch! That really hurt!
You die...

..........#...#
............#
..........#.....#
##...####.# ###.# #...#
#.#### #...# #.. ..
#...# #####. #...#
###.#### ##.## #...<.@#
#.# #.#.##O######..
###(# #.....†.!...#
.)..# #.####.#####...
.#### #............#
.######.....####.####..#
........# ... ........#
∆..... .#####.## .......


You could see an ogre.

Vanquished Creatures
  A sky beast (D:6)
  A centaur (D:6)
  An ogre (D:5)
  2 bullfrogs
  Blork the orc (D:4)
  A crimson imp (D:6)
  A bullfrog zombie (D:5)
  A jelly (D:5)
  2 bullfrog skeletons
  2 worker ants
  A howler monkey zombie (D:4)
  5 adders
  3 oozes
  An adder skeleton (D:4)
  2 adder zombies (D:4)
  A dart slug (D:4)
  3 leopard geckos
  3 orcs
  A ball python (D:2)
  A giant cockroach (D:2)
  10 goblins
  6 hobgoblins
  4 jackals (D:1)
  5 kobolds
  A quokka (D:2)
  7 bats
  3 frilled lizards
  A jackal skeleton (D:5)
  A leopard gecko skeleton (D:4)
  A quokka skeleton (D:4)
  2 quokka zombies (D:4)
  7 rats
82 creatures vanquished.

Vanquished Creatures (collateral kills)
  A hound (D:5)
  An orc priest (D:4)
  A bullfrog zombie (D:4)
  6 orcs
9 creatures vanquished.

Grand Total: 91 creatures vanquished

Notes
Turn   | Place    | Note
-------+----------+-------------------------------------------
     0 | D:1      | Seryemd the Gnoll Wizard began the quest for the Orb.
     0 | D:1      | Reached XP level 1. HP: 13/13 MP: 8/8
   168 | D:1      | Reached XP level 2. HP: 19/19 MP: 6/10
   172 | D:1      | Learned a level 2 spell: Call Imp
   175 | D:1      | Learned a level 2 spell: Blink
   886 | D:2      | Reached XP level 3. HP: 23/25 MP: 2/11
  1061 | D:2      | Reached skill level 1 in Invocations
  1255 | D:2      | Reached skill level 1 in Fighting
  1255 | D:2      | Reached skill level 1 in Short Blades
  1255 | D:2      | Reached skill level 1 in Long Blades
  1255 | D:2      | Reached skill level 1 in Axes
  1255 | D:2      | Reached skill level 1 in Maces & Flails
  1255 | D:2      | Reached skill level 1 in Polearms
  1255 | D:2      | Reached skill level 1 in Staves
  1255 | D:2      | Reached skill level 1 in Slings
  1255 | D:2      | Reached skill level 1 in Bows
  1255 | D:2      | Reached skill level 1 in Crossbows
  1255 | D:2      | Reached skill level 1 in Throwing
  1255 | D:2      | Reached skill level 1 in Armour
  1255 | D:2      | Reached skill level 1 in Shields
  1255 | D:2      | Reached skill level 1 in Unarmed Combat
  1255 | D:2      | Reached skill level 1 in Evocations
  1351 | D:2      | Reached XP level 4. HP: 32/32 MP: 9/13
  1756 | D:3      | Noticed a bullfrog
  1761 | D:3      | Killed a bullfrog
  1761 | D:3      | Reached skill level 1 in Hexes
  1761 | D:3      | Reached skill level 1 in Charms
  1761 | D:3      | Reached skill level 1 in Necromancy
  1761 | D:3      | Reached skill level 1 in Transmutations
  1761 | D:3      | Reached skill level 1 in Fire Magic
  1761 | D:3      | Reached skill level 1 in Ice Magic
  1761 | D:3      | Reached skill level 1 in Air Magic
  1761 | D:3      | Reached skill level 1 in Earth Magic
  1761 | D:3      | Reached skill level 1 in Poison Magic
  1761 | D:3      | Reached XP level 5. HP: 37/37 MP: 0/14
  2277 | D:3      | Found a shadowy altar of Dithmenos.
  2612 | D:4      | Learned a level 3 spell: Conjure Flame
  2616 | D:4      | Learned a level 3 spell: Mephitic Cloud
  2691 | D:4      | Reached XP level 6. HP: 22/44 MP: 9/16
  3305 | D:4      | Noticed Blork the orc
  3340 | D:4      | Killed Blork the orc
  3571 | D:4      | You fall into a shaft and drop 2 floors!
  3600 | D:6      | Reached skill level 5 in Dodging
  3649 | D:6      | Noticed a sky beast
  3675 | D:6      | Killed a sky beast
  3759 | D:6      | Reached XP level 7. HP: 39/50 MP: 14/18
  3789 | D:5      | Entered Level 5 of the Dungeon
  4546 | D:5      | Found a basalt altar of Yredelemnul.
  4890 | D:5      | Reached skill level 5 in Stealth
  4995 | D:6      | Found a burning altar of Makhleb.
  5008 | D:6      | Slain by an ogre

Levels and vault maps discovered:
D:1:      dpeg_chamrin_arrival_tetris, layout_basic,
          corexii_item_surrounded_by_moat
D:2:      layout_rooms, minmay_tree_intersection, nrook_mini_vaults
D:3:      layout_basic, first_ration, nicolae_dithmenos_through_a_glass_darkly
D:4:      layout_loops_ring, serial_undead, serial_undead_e, serial_undead_f,
          serial_undead_e, serial_undead_a, serial_undead_e, serial_undead_d,
          serial_undead_e, minmay_pentomino_pile, uniq_blork_the_orc
D:5:      layout_basic, lemuel_round_altar
D:6:      layout_loops_cross, lightli_temple_of_fire, old_standard_altar,
          minmay_misc_feat_pillars

Skill      XL: |  1  2  3  4  5  6  7 |
---------------+----------------------+-----
Conjurations   | 2 3 |  3.1
Summonings     | 2 3 |  3.1
Translocations | 2 3 |  3.1
Invocations    | 1 2 3 |  3.0
Fighting       | 1 2 |  2.7
Short Blades   | 1 2 |  2.7
Long Blades    | 1 2 |  2.7
Axes           | 1 2 |  2.7
Maces & Flails | 1 2 |  2.7
Polearms       | 1 2 |  2.7
Staves         | 1 2 |  2.7
Slings         | 1 2 |  2.7
Bows           | 1 2 |  2.7
Crossbows      | 1 2 |  2.7
Throwing       | 1 2 |  2.7
Armour         | 1 2 |  2.7
Shields        | 1 2 |  2.7
Unarmed Combat | 1 2 |  2.7
Evocations     | 1 2 |  2.7
Hexes          | 1 2 |  2.2
Charms         | 1 2 |  2.2
Necromancy     | 1 2 |  2.2
Transmutations | 1 2 |  2.2
Fire Magic     | 1 2 |  2.2
Ice Magic      | 1 2 |  2.2
Air Magic      | 1 2 |  2.2
Earth Magic    | 1 2 |  2.2
Poison Magic   | 1 2 |  2.2
Dodging        | 5 |  5.3
Stealth        | 5 |  5.0
Spellcasting   | |  7.7

Action                   |  1- 3 |  4- 6 |  7- 9 || total
-------------------------+-------+-------+-------++-------
Melee: Unarmed           |     1 |       |       ||     1
       Short sword       |    13 |       |       ||    13
       Bite              |     1 |     5 |     3 ||     9
       Mace              |       |    58 |       ||    58
       Punch             |       |     1 |       ||     1
       Glaive            |       |    15 |    40 ||    55
 Cast: Magic Dart        |    71 |    56 |     8 ||   135
       Call Imp          |       |    17 |     4 ||    21
       Conjure Flame     |       |     4 |     2 ||     6
       Mephitic Cloud    |       |     3 |     2 ||     5
  Use: Scroll            |       |     5 |       ||     5
 Stab: Sleeping          |       |     4 |     2 ||     6
       Confused          |       |       |     1 ||     1
  Eat: Chunk             |     1 |     4 |     1 ||     6
       Ration            |       |     1 |     1 ||     2
Armor: Robe              |     4 |    17 |     2 ||    23
Dodge: Dodged            |    22 |    52 |    33 ||   107
